 Dungeon Crawl Stone Soup version 0.27-a0-797-g27d10ad80f (webtiles) character file.

Game seed: 16125568818676974845

91 wakim the Sneak (level 4, -3/21 HPs)
             Began as a Spriggan Enchanter on Mar 27, 2021.
             Slain by a gnoll
             ... wielding a +0 spear
              (8 damage)
             ... on level 2 of the Dungeon.
             The game lasted 00:07:25 (1829 turns).

wakim the Sneak (Spriggan Enchanter)                Turns: 1829, Time: 00:07:25

Health: -3/21      AC:  4    Str:  4    XL:     4   Next: 34%
Magic:  1/9        EV: 18    Int: 16    God:
Gold:   82         SH:  0    Dex: 16    Spells: 5/8 levels left

rFire    . . .     SeeInvis +   b - +4 short sword
rCold    . . .     Faith    .   (shield restricted)
rNeg     . . .     Spirit   .   h - +0 robe
rPois    .         Reflect  .   (helmet restricted)
rElec    .         Harm     .   c - +1 cloak
rCorr    .         Rampage  .   (gloves unavailable)
Will     .....                  (boots unavailable)
Stlth    +++.......             (no amulet)
HPRegen  0.07/turn              (no ring)
MPRegen  0.11/turn              (no ring)

@: very quick
A: very small, no large weapons, unfitting armour, see invisible, speed 3
a: no special abilities


You were on level 2 of the Dungeon.
You visited 1 branch of the dungeon, and saw 2 of its levels.

You collected 82 gold pieces.

Inventory:

Hand Weapons
 a - a +1 dagger
 b - a +4 short sword (weapon)
Armour
 c - a +1 cloak (worn)
 h - a +0 robe (worn)
Scrolls
 f - 2 scrolls of enchant weapon
Potions
 d - a potion of brilliance {unknown}
 i - a potion of mutation {unknown}
 R - a potion of resistance


   Skills:
 - Level 1.1 Short Blades
 + Level 3.7 Dodging
 + Level 5.8 Stealth
 - Level 2.6 Spellcasting
 - Level 4.0 Hexes
 * Level 1.8 Ice Magic


You had 5 spell levels left.
You knew the following spells:

 Your Spells              Type           Power      Damage    Failure   Level
a - Corona                Hex            15%        N/A       3%          1
g - Ensorcelled Hibernat  Hex/Ice        22%        N/A       9%          2

Your spell library contained the following spells:

 Spells                   Type           Power      Damage    Failure   Level
 Confusing Touch          Hex            14%        N/A       11%         3
 Tukima's Dance           Hex            14%        N/A       11%         3
 Dazzling Flash           Conj/Hex       16%        N/A       26%         3


Dungeon Overview and Level Annotations

Branches:
Dungeon (2/15)

Altars:

Annotations:
D:2 Natasha


Innate Abilities, Weirdness & Mutations

You are very small and have problems with some larger weapons.
You are too small for most types of armour.
You have supernaturally acute eyesight. (SInv)
You cover ground extremely quickly. (Speed+++)


Message History

An ogre is nearby!
The ogre looks drowsy...
The helpless ogre fails to defend itself.
You puncture the ogre!
The ogre is heavily wounded.
Items here: ! ) ? ††.
There is a stone staircase leading up here.
You see here a +0 club.
d - a bubbling blue potion
f - 2 scrolls of enchant weapon (gained 1) a +0 club; a gnoll corpse; a bat corpse
There is a stone staircase leading up here.
You see here a +0 club.
You see here a +0 club.
An ogre is nearby!
An ogre is nearby!
The ogre resists with some effort.
The ogre looks drowsy...
The helpless ogre fails to defend itself.
You puncture the ogre!
The ogre is almost dead.
There is a stone staircase leading up here. a +0 club; a gnoll corpse; a bat corpse You see here a +0 club.
The ogre is unaffected.
You barely miss the ogre.
The ogre is almost dead.
You don't have enough magic to cast this spell.
The ogre resists with some effort.
Natasha, Servant of Life and Death comes into view.
Okay, then.
You barely miss the ogre.
The ogre is almost dead.
The ogre hits you with a +0 giant club!
Ouch! That really hurt!
* * * LOW HITPOINT WARNING * * *
You hit the ogre.
The ogre is almost dead.
The gnoll hits you from afar with a +0 spear!
You die...

#########
#....O.g##########
#.####............
#.# ##.#########.
#g# ### #. #O# #.
#@# ##########g
#.# ...........
#.# #........ #.#
#........ #.#
#........ #.#
#........ #.#
#........ #.#
#....?... #h#
#.#.####.


You could see an ogre and a gnoll.

Vanquished Creatures
  A jelly (D:1)
  3 gnolls
  A dart slug (D:1)
  2 endoplasms (D:1)
  2 giant cockroaches
  2 goblins (D:1)
  5 hobgoblins
  2 quokkas
  4 ball pythons (D:1)
  5 bats
  A frilled lizard (D:1)
  3 kobolds (D:1)
  A rat (D:1)
32 creatures vanquished.

Notes
Turn   | Place    | Note
-------+----------+-------------------------------------------
     0 | D:1      | wakim the Spriggan Enchanter began the quest for the Orb.
     0 | D:1      | Reached XP level 1. HP: 9/9 MP: 5/5
   363 | D:1      | Reached skill level 5 in Stealth
   363 | D:1      | Reached XP level 2. HP: 11/13 MP: 2/6
   366 | D:1      | Learned a level 2 spell: Ensorcelled Hibernation
  1160 | D:1      | Reached skill level 1 in Ice Magic
  1160 | D:1      | Reached XP level 3. HP: 14/16 MP: 2/8
  1250 | D:1      | Reached XP level 4. HP: 17/21 MP: 6/9
  1429 | D:2      | Noticed an ogre
  1821 | D:2      | Noticed Natasha
  1829 | D:2      | Slain by a gnoll

Illustrated notes

Levels and vault maps discovered:
D:1:      erik_arrival_triangle_small, layout_loops_ring, minivault_27,
          minmay_pentomino_s2
D:2:      layout_loops_ring, lightli_corner_chamber, uniq_natasha

Skill      XL: |  1  2 |
---------------+-------+-----
Dodging        | 3 |  3.7
Stealth        | 5 |  5.8
Hexes          | 4 |  4.0
Ice Magic      | 1 |  1.8
Short Blades   | |  1.1
Spellcasting   | |  2.6

Action                   |  1- 3 |  4- 6 || total
-------------------------+-------+-------++-------
Melee: Dagger            |    37 |     4 ||    41
       Short sword       |     7 |    13 ||    20
 Cast: Corona            |     8 |       ||     8
       Ensorcelled Hiber |    15 |    17 ||    32
  Use: Scroll            |     3 |     1 ||     4
 Stab: Sleeping          |    20 |     9 ||    29
Armor: Robe              |     5 |     1 ||     6
Dodge: Dodged            |    31 |    17 ||    48

Table legend: (Time is in decaauts)
 A = Elapsed time spent in this place.
 B = Non-inter-level travel time spent in this place.
 C = Inter-level travel time spent in this place.
 D = Time resting spent in this place.
 E = Time spent auto-exploring this place.
 F = Levels seen in this place.
 G = Mean time per level.
                   A        B        C        D        E       F      G
               +--------+--------+--------+--------+--------+-----+--------+
         Total |   1403 |   1372 |     31 |      6 |    903 |   2 |  701.5 |
       Dungeon |   1403 |   1372 |     31 |      6 |    903 |   2 |  701.5 |
               +--------+--------+--------+--------+--------+-----+--------+

Top non-repeatable levels by time:
     D:1: 1141 daAuts
     D:2: 262 daAuts
